Description

for adam

Replay - Winter's Gate LE (4)

Build Order

Get SALT Encoding   

  12  0:00  Probe  
  13  0:13  Probe  
  14  0:18  Pylon  
  14  0:25  Probe  
  15  0:37  Probe  
  15  0:38  Gateway  
  16  0:45  Probe, Assimilator  
  17  0:53  Probe  
  17  1:03  Probe  
  19  1:15  Probe  
  20  1:27  Nexus  
  20  1:36  Cybernetics Core  
  20  1:43  Pylon  
  20  1:50  Probe  
  20  1:51  Assimilator  
  21  1:58  Probe  
  23  2:15  Stalker  
  23  2:16  Warp Gate  
  25  2:25  Twilight Council  
  28  2:45  Stalker  
  32  2:51  Blink  
  36  3:15  Stalker  
  36  3:18  Gateway  
  38  3:31  Gateway  
  40  3:35  Robotics Facility  
  40  3:41  Pylon  
  43  3:58  Pylon  
  44  4:03  Assimilator x2  
  46  4:16  Stalker x2  
  50  4:25  Observer  
  53  4:32  Robotics Bay  
  53  4:41  Pylon  
  57  5:04  Stalker x2  
  61  5:09  Observer  
  61  5:13  Nexus, Colossus  
  64  5:18  Forge  
  64  5:23  Forge  
  64  5:33  Extended Thermal Lance  
  67  5:43  Protoss Ground Weapons Level 1  
  67  5:47  Protoss Ground Armor Level 1  
  67  5:53  Colossus  
  70  6:05  Gateway  
  76  6:12  Gateway x2  
  76  6:25  Stalker x3  
  87  6:44  Colossus  
  96  6:57  Assimilator x2  
  113  7:25  Colossus  
  119  7:39  Protoss Ground Weapons Level 2  
  119  7:41  Protoss Ground Armor Level 2  
  123  7:58  Templar Archives  
  134  8:26  Psionic Storm  
  137  8:41  Gateway x4  
  147  8:50  Immortal  
  149  9:33  Nexus  
Spawning Tool Build Advisor. Get it on Overwolf

Go to:

Details

  • Created by: Heeebs
  • Published on: Aug 23, 2019
  • Modified on: Aug 23, 2019
  • Patch: 4.7.1
Show
View Real Time Build Order
Export as new Build Order

Comments (0)

There are no comments. Be the first!

Create an account to comment!